 Dungeon Crawl Stone Soup version 0.27-a0-1196-g3e9cee4cb2 (webtiles) character file.

Game seed: 10554770092127406899

196 coolguy69 the Cutter (level 5, -2/28 HPs)
             Began as a Vine Stalker Monk on May 30, 2021.
             Splashed by a jelly's acid (8 damage)
             ... on level 2 of the Dungeon.
             The game lasted 00:02:22 (2106 turns).

coolguy69 the Cutter (Vine Stalker Monk)            Turns: 2106, Time: 00:02:23

Health: -2/28      AC: -2    Str: 14    XL:     5   Next: 74%
Magic:  0/6        EV: 13    Int: 10    God:
Gold:   40         SH:  0    Dex: 17    Spells: 4/4 levels left

rFire    . . .     SeeInvis .   a - +0 short sword
rCold    . . .     Faith    .   (no shield)
rNeg     . . .     Spirit   +   o - +0 leather armour
rPois    .         Reflect  .   c - +0 helmet
rElec    .         Harm     .   (no cloak)
rCorr    .         Rampage  .   (no gloves)
Will     .....                  h - +0 pair of boots
Stlth    ++........             (no amulet)
HPRegen  1.09/turn              (no ring)
MPRegen  0.10/turn              (no ring)

@: corroded
A: fangs 2, regeneration 1, magic shield, antimagic bite, no potion heal 2
a: no special abilities


You were on level 2 of the Dungeon.
You visited 1 branch of the dungeon, and saw 2 of its levels.

You collected 40 gold pieces.

Inventory:

Hand Weapons
 a - a +0 short sword (weapon)
Missiles
 e - 67 arrows
Armour
 c - a +0 helmet (worn)
 h - a +0 pair of boots (worn)
 o - a +0 leather armour (worn)
Scrolls
 b - a scroll of immolation {unknown}
 g - a scroll of vulnerability {unknown}
 i - a scroll of enchant armour {unknown}
 k - 4 scrolls of noise {unknown}
 l - 3 scrolls of identify {unknown}
 m - a scroll of magic mapping {unknown}
Potions
 d - a potion of curing {unknown}
 f - a potion of haste {unknown}
 j - a potion of might {unknown}
 n - a potion of invisibility {unknown}


   Skills:
 + Level 3.3 Fighting
 + Level 4.4 Short Blades
 + Level 0.1 Armour
 + Level 3.1 Dodging
 + Level 3.4 Stealth


You had 4 spell levels left.
You didn't know any spells.
Your spell library was empty.

Dungeon Overview and Level Annotations

Branches:
Dungeon (2/15)

Altars:

Shops:
D:2 [


Innate Abilities, Weirdness & Mutations

You have extremely sharp teeth.
Your natural rate of healing is unusually fast.
When hurt, damage is shared between your health and your magic reserves.
Your bite disrupts and absorbs the magic of your enemies.
Potions cannot restore your health.


Message History

The endoplasm hits you.
You hit the endoplasm.
The endoplasm is heavily wounded.
The endoplasm misses you.
You hit the endoplasm. You bite the endoplasm.
You kill the endoplasm!
You are no longer corroded.
You see here a +0 short sword.
An endoplasm is nearby!
The jelly misses you.
There is an open door here.
There are monsters nearby!
The endoplasm quivers. x3
You hit the jelly but do no damage.
Your hands burn!
A nearby fungus withers and dies.
You hit the jelly. The acid corrodes you!
Your hands burn!
You bite the jelly. You drain its power.
You feel invigorated.
The jelly is moderately wounded.
The jelly hits you but does no damage.
You hit the jelly.
Your hands burn!
The jelly is heavily wounded.
The jelly barely misses you.
You hit the jelly but do no damage.
Your hands burn!
You bite the jelly, but do no damage.
The jelly is heavily wounded.
The jelly hits you.
You are splashed with acid!
* * * LOW HITPOINT WARNING * * *
You are too injured to fight recklessly!
You see here a +0 short sword.
You hit the jelly. The acid corrodes you!
Your hands burn!
The jelly is severely wounded.
The jelly barely misses you.
You hit the jelly.
Your hands burn!
* * * LOW HITPOINT WARNING * * *
You bite the jelly, but do no damage.
The jelly is almost dead.
The jelly hits you.
* * * LOW HITPOINT WARNING * * *
You are splashed with acid!
You die...

........#
###########....##...
####...##
:........##....##...
#.).#
..÷......##.........
#...#
.P.....P.##....##...
#...#
.P.÷÷....##.(.....).
#####
÷÷.......##>##......
.....J...##.........
#######J# #######.##
##..@JJJ## #.#
#.######## ##†##
##..'....# #....
####....# ######....
#.......# #.........
#.......# #....#....
#.......# #....#....
#....[..# #....#....
##.....## #.........


You could see a jelly and 3 endoplasms.

Vanquished Creatures
  An ogre (D:2)
  A jelly (D:2)
  A worm (D:2)
  2 dart slugs (D:1)
  4 orcs (D:2)
  7 endoplasms
  A giant cockroach (D:2)
  4 goblins
  5 hobgoblins (D:1)
  9 jackals
  12 kobolds
  A quokka (D:2)
  3 ball pythons
  6 bats
  3 frilled lizards (D:1)
  7 rats
67 creatures vanquished.

Vanquished Creatures (others)
  4 fungi (D:2)
  8 toadstools (D:2)
12 creatures vanquished.

Grand Total: 79 creatures vanquished

Notes
Turn   | Place    | Note
-------+----------+-------------------------------------------
     0 | D:1      | coolguy69 the Vine Stalker Monk began the quest for the
                  | Orb.
     0 | D:1      | Reached XP level 1. HP: 11/11 MP: 2/2
    51 | D:1      | Found a faded altar of an unknown god.
   125 | D:1      | Reached XP level 2. HP: 16/16 MP: 3/3
   177 | D:1      | Reached skill level 3 in Short Blades
   697 | D:1      | Reached XP level 3. HP: 20/20 MP: 4/4
  1748 | D:2      | Gained mutation: Your natural rate of healing is unusually
                  | fast. [Vine Stalker growth]
  1748 | D:2      | Reached XP level 4. HP: 22/24 MP: 3/5
  1797 | D:2      | Found Qeapeif's Armour Boutique.
  1963 | D:2      | Noticed an ogre
  1974 | D:2      | Killed an ogre
  1975 | D:2      | Reached skill level 4 in Short Blades
  1975 | D:2      | Reached XP level 5. HP: 28/28 MP: 6/6
  2106 | D:2      | Splashed by a jelly's acid

Illustrated notes

Levels and vault maps discovered:
D:1:      saegor_arrival_under_anarchy, layout_basic,
          shapermc_ecumenical_altar_mp_urbaneastern
D:2:      cheibrodos_fertilizer, layout_basic, serial_shops, shop

Skill      XL: |  1  2  3  4 |
---------------+-------------+-----
Short Blades   | 3 4 |  4.4
Fighting       | 3 |  3.3
Stealth        | 3 |  3.4
Dodging        | 3 |  3.1
Armour         | |  0.1

Action                   |  1- 3 |  4- 6 || total
-------------------------+-------+-------++-------
Melee: Short sword       |   126 |    82 ||   208
       Bite              |    37 |    37 ||    74
 Stab: Sleeping          |     6 |     2 ||     8
Armor: Robe              |    30 |     2 ||    32
       Leather armour    |       |    18 ||    18
Dodge: Dodged            |   101 |    47 ||   148

Table legend: (Time is in decaauts)
 A = Elapsed time spent in this place.
 B = Non-inter-level travel time spent in this place.
 C = Inter-level travel time spent in this place.
 D = Time resting spent in this place.
 E = Time spent auto-exploring this place.
 F = Levels seen in this place.
 G = Mean time per level.
                   A        B        C        D        E       F      G
               +--------+--------+--------+--------+--------+-----+--------+
         Total |   2090 |   2020 |     70 |    214 |   1359 |   2 | 1045.0 |
       Dungeon |   2090 |   2020 |     70 |    214 |   1359 |   2 | 1045.0 |
               +--------+--------+--------+--------+--------+-----+--------+

Top non-repeatable levels by time:
     D:1: 1280 daAuts
     D:2: 809 daAuts
